 Dungeon Crawl Stone Soup version 0.24.0-13-gcf9b319 (webtiles) character file.

Game seed: 1711243339481355436, levelgen mode: deterministic

2782 HughManbeen the Thrower (level 10, -4/74 (76) HPs)
             Began as a Human Wanderer on Apr 3, 2020.
             Was a Believer of Okawaru.
             Succumbed to Erica's dark miasma
             ... on level 8 of the Dungeon.
             The game lasted 00:58:13 (11776 turns).

HughManbeen the Thrower (Human Wanderer)           Turns: 11776, Time: 00:58:14

HP:   -4/74 (76)    AC: 13    Str: 15    XL:     10   Next: 1%
MP:   13/13         EV:  0    Int: 12    God:    Okawaru [**....]
Gold: 408           SH: 12    Dex: 14    Spells: 11/11 levels left

rFire    . . .     SeeInvis .   i - +0 hunting sling
rCold    . . .     Gourm    .   D - +0 large shield
rNeg     . . .     Faith    .   C - +0 plate armour
rPois    .         Spirit   .   u - +0 helmet
rElec    .         Reflect  .   v - +0 cloak
rCorr    +         Harm     .   (no gloves)
MR       .....                  z - +0 pair of boots
Stlth    ..........             (no amulet)
HPRegen  0.00/turn              k - ring of resist corrosion
MPRegen  0.13/turn              (no ring)

@: lethally poisoned (-4 -> -106), non-regenerating, diseased, slowed, very slow
A: no striking features
a: Heroism, Renounce Religion


You were on level 8 of the Dungeon.
You worshipped Okawaru.
Okawaru was pleased with you.
You were not hungry.

You visited 1 branch of the dungeon, and saw 8 of its levels.

You collected 408 gold pieces.

Inventory:

Hand Weapons
 i - a +0 hunting sling (weapon)
 w - a +1 long sword of electrocution
 y - a +2 halberd of chopping
Missiles
 e - 3 javelins (quivered)
 g - 15 poisoned darts
 j - 155 stones
 m - 36 sling bullets
Armour
 u - a +0 helmet (worn)
 v - a +0 cloak (worn)
 z - a +0 pair of boots (worn)
 C - a +0 plate armour (worn)
 D - a +0 large shield (worn)
Jewellery
 k - a ring of resist corrosion (left hand)
 E - an uncursed ring of wizardry
Wands
 a - a wand of enslavement (5)
 A - a wand of polymorph (3)
 H - a wand of acid (9)
Scrolls
 c - 3 scrolls of amnesia
 d - 2 scrolls of fog
 o - 2 scrolls of remove curse
 q - a scroll of magic mapping
 r - a scroll of teleportation
 x - 2 scrolls of identify
 I - a scroll of blinking {unknown}
Potions
 b - a potion of agility
 h - 4 potions of curing
 l - 2 potions of berserk rage
 n - a potion of ambrosia
 p - 3 potions of mutation
 s - 2 potions of heal wounds
 t - a potion of flight {unknown}
 B - a potion of resistance {unknown}
 F - a potion of experience {unknown}
Comestibles
 f - 6 rations
 G - 4 chunks of flesh


   Skills:
 - Level 6.0 Fighting
   Level 3.1 Maces & Flails
 + Level 9.2 Throwing
 - Level 0.3 Armour
 - Level 0.3 Dodging
 - Level 3.0 Stealth
 + Level 1.7 Shields
 - Level 1.0 Spellcasting
   Level 3.0 Necromancy
   Level 1.0 Poison Magic
 - Level 3.1 Invocations
 + Level 4.2 Evocations


You had 11 spell levels left.
You didn't know any spells.
Your spell library was empty.

Dungeon Overview and Level Annotations

Branches:
Dungeon (8/15)             Temple (0/1) D:6            Lair (0/6) D:8

Altars:
Cheibriados
Dithmenos
Elyvilon
Makhleb
Okawaru
Qazlal
Yredelemnul

Shops:
D:7 *:

Annotations:
D:3 1 runed translucent door, exclusion: door, Crazy Yiuf
D:8 Erica


Message History

Aim: Erica the death drake (catching its breath, chance to defeat MR: 40%) Erica resists with some effort.
You are engulfed in dark miasma.
You are lethally poisoned!
You feel as though you will be slow longer.
You feel extremely sick. You block Erica's attack.
Erica breathes miasma at you. The foul vapour engulfs you!
You are more poisoned.
You feel as though you will be slow longer.
Evoke which item? (* to show all) (? for menu, Esc to quit)
Okay, then.
Evoke which item? (* to show all) (? for menu, Esc to quit)
Aiming: Enslavement
Press: ? - help, Shift-Dir - straight line, f/p - Erica
Aim: Erica the death drake (foul pestilence, catching its breath, chance to defeat MR: 40%) Erica resists with some effort.
You are engulfed in dark miasma.
You are more poisoned.
You feel your flesh rotting away!
* * * LOW HITPOINT WARNING * * *
You die...

##########)###.#
#...##.......#.####
##.<##.............
#.............###.
#...#.#####.###
#..)#.###...#
#...#°##....##
#..°°°#....#.####
.#####@k°°°..(.###...#.
#.........°.#....#.##.#.
#########...............
##.####.#####.##
########.# #.# #.#
.........# #.# #.##
########.# #.# #...
########.# #.# ####
.........# #.# #


You could see Erica the death drake.

Vanquished Creatures
  A troll (D:8)
  A hippogriff (D:7)
  A hungry ghost (D:7)
  Duvessa (D:4)
  An ice beast (D:5)
  4 phantoms
  A sky beast (D:5)
  4 ogres
  A bullfrog (D:6)
  A gnoll sergeant (D:8)
  Dowan (D:4)
  4 wights
  A howler monkey (D:4)
  A crimson imp (D:6)
  3 jellies
  3 hounds
  2 orc priests
  An orc wizard (D:4)
  2 centaur skeletons
  A gnoll shaman (D:6)
  An iguana (D:4)
  3 worker ants
  A killer bee zombie (D:7)
  A hound skeleton (D:6)
  A worker ant zombie (D:8)
  Robin (D:2)
  9 gnolls
  11 adders
  A howler monkey skeleton (D:6)
  2 shadow imps
  2 oozes
  2 adder zombies (D:7)
  An adder skeleton (D:4)
  6 worms
  6 dart slugs
  6 leopard geckos
  17 orcs
  A ball python (D:1)
  3 bats (D:3)
  6 giant cockroaches
  15 goblins
  10 hobgoblins
  17 jackals
  4 kobolds
  9 quokkas
  6 frilled lizards
  A leopard gecko skeleton (D:5)
  11 rats
189 creatures vanquished.

Notes
Turn   | Place    | Note
-------+----------+-------------------------------------------
     0 | D:1      | HughManbeen the Human Wanderer began the quest for the Orb.
     0 | D:1      | HughManbeen set off with the following items: a +2 mace, a
                  | potion of lignification, a scroll of teleportation, a +0
                  | robe, a ration
     0 | D:1      | Reached XP level 1. HP: 16/16 MP: 2/2
   334 | D:1      | Reached XP level 2. HP: 22/22 MP: 3/3
   539 | D:1      | You fall into a shaft and drop 1 floor!
   861 | D:1      | Reached XP level 3. HP: 27/27 MP: 4/4
  1400 | D:2      | Found an iron altar of Okawaru.
  1403 | D:2      | Became a worshipper of Warmaster Okawaru
  1497 | D:2      | Reached XP level 4. HP: 31/34 MP: 5/5
  1593 | D:2      | Reached skill level 1 in Invocations
  1826 | D:2      | Found a shadowy altar of Dithmenos.
  2174 | D:2      | Reached XP level 5. HP: 38/41 MP: 6/6
  2492 | D:3      | You fall into a shaft and drop 1 floor!
  2528 | D:4      | Noticed an ogre
  2899 | D:4      | Reached skill level 2 in Throwing
  2905 | D:4      | Noticed Duvessa
  2915 | D:4      | Reached XP level 6. HP: 30/47 MP: 8/8
  3263 | D:3      | Noticed Robin
  3354 | D:2      | Reached skill level 3 in Throwing
  3567 | D:2      | Killed Robin
  3876 | D:3      | Found a runed translucent door.
  3877 | D:3      | Noticed Crazy Yiuf
  4240 | D:3      | Found a runed translucent door.
  5022 | D:4      | Noticed an ogre
  5028 | D:4      | Killed an ogre
  5028 | D:4      | Reached skill level 4 in Throwing
  5257 | D:4      | Noticed Dowan
  5629 | D:4      | Reached XP level 7. HP: 38/52 MP: 9/9
  6040 | D:4      | Reached skill level 5 in Throwing
  6916 | D:4      | Killed Dowan
  7530 | D:4      | Reached * piety under Okawaru
  7660 | D:4      | Killed Duvessa
  7660 | D:4      | Reached XP level 8. HP: 29/61 MP: 10/10
  8423 | D:5      | Entered Level 5 of the Dungeon
  8529 | D:5      | Reached skill level 5 in Fighting
  8729 | D:5      | Found a snail-covered altar of Cheibriados.
  8729 | D:5      | Found a basalt altar of Yredelemnul.
  9006 | D:5      | Reached skill level 6 in Throwing
  9522 | D:6      | Found a staircase to the Ecumenical Temple.
  9546 | D:6      | Reached skill level 7 in Throwing
  9678 | D:6      | Reached ** piety under Okawaru
  9678 | D:6      | Reached XP level 9. HP: 64/68 MP: 11/11
  9727 | D:6      | Found a stormy altar of Qazlal.
  9818 | D:6      | You fall into a shaft and drop 2 floors!
  9919 | D:8      | Reached skill level 8 in Throwing
 10027 | D:7      | Found a white marble altar of Elyvilon.
 10208 | D:6      | Reached skill level 1 in Evocations
 10512 | D:7      | Found a burning altar of Makhleb.
 10965 | D:7      | Found Xuzeckiw's Book Shop.
 10992 | D:7      | Found Olarhagu's Assorted Antiques.
 11190 | D:7      | Noticed a hippogriff
 11199 | D:7      | Killed a hippogriff
 11199 | D:7      | Reached skill level 9 in Throwing
 11291 | D:8      | Found a staircase to the Lair.
 11341 | D:8      | Noticed a troll
 11667 | D:8      | Killed a troll
 11667 | D:8      | Reached skill level 1 in Shields
 11667 | D:8      | Reached XP level 10. HP: 76/76 MP: 11/13
 11726 | D:8      | Noticed Erica
 11771 | D:8      | Noticed Erica
 11771 | D:8      | Erica changed into Erica the death drake
 11776 | D:8      | Succumbed to Erica's dark miasma

Levels and vault maps discovered:
D:1:      dpeg_arrival_tiny_i, layout_basic, minmay_misc_feat_more_columns
D:2:      layout_loops_ring, lemuel_doored_altar, grunt_dithmenos_smoke
D:3:      layout_rooms, serial_co_window_serial, co_window_paths_a,
          co_window_corner_a, co_window_paths_a, co_window_corner_a,
          co_window_of_opportunity_a, co_window_broadway_b,
          co_window_of_opportunity_b, co_window_broadway_c,
          co_window_unsneaky_path_c, co_window_corner_cb, glass_columns_c,
          glass_columns_c, glass_columns_c, uniq_crazy_yiuf_cottage, uniq_robin
D:4:      minmay_inner_zag, layout_loops_corners, cheibrodos_sewer_entry_bend,
          uniq_duvessa
D:5:      layout_loops_ring, chequers_temple_overflow_statue_of_worship,
          first_ration, minmay_increasing_density
D:6:      layout_loops_cross, minmay_temple_entry_glassed_door,
          minmay_crystal_room, grunt_decor_cap, grunt_qazlal_clouds
D:7:      layout_rooms, lemuel_round_altar, lemuel_crystal_altar, serial_shops,
          shop, shop
D:8:      layout_loops_ring, nicolae_overflow_crystal_walls, lair_entry_dummy,
          hangedman_ranch [blue_anna_fruit_fields], uniq_pikel, uniq_erica,
          uniq_joseph

Skill      XL: |  1  2  3  4  5  6  7  8  9 |
---------------+----------------------------+-----
Stealth        | 2 3 |  3.0
Fighting       | 3 4 5 6 |  6.0
Invocations    | 2 3 |  3.1
Throwing       | 2 4 5 7 9 |  9.2
Maces & Flails | 3 |  3.1
Evocations     | 4 |  4.2
Shields        | 1 |  1.7
Armour         | |  0.3
Dodging        | |  0.3
Spellcasting   | |  1.0
Necromancy     | |  3.0
Poison Magic   | |  1.0

Action                   |  1- 3 |  4- 6 |  7- 9 | 10-12 || total
-------------------------+-------+-------+-------+-------++-------
Melee: Mace              |    88 |   233 |   190 |       ||   511
       Halberd           |       |       |    60 |       ||    60
 Fire: Hunting sling     |       |       |   253 |       ||   253
Throw: Stone             |     2 |    12 |       |       ||    14
       Javelin           |     1 |    15 |    62 |     3 ||    81
Invok: Heroism           |       |       |     4 |       ||     4
Evoke: Wand              |       |       |       |     6 ||     6
  Use: Potion            |     1 |     1 |     5 |       ||     7
       Scroll            |       |     5 |    13 |       ||    18
 Stab: Sleeping          |       |     2 |     1 |       ||     3
       Distracted        |       |     1 |       |       ||     1
  Eat: Chunk             |     2 |     9 |    12 |       ||    23
       Ration            |       |     1 |     5 |       ||     6
Armor: Skin              |     4 |       |       |       ||     4
       Robe              |     3 |       |       |       ||     3
       Ring mail         |    34 |   129 |    23 |       ||   186
       Plate armour      |       |       |   224 |       ||   224
       Chain mail        |       |       |    36 |       ||    36
Dodge: Dodged            |    33 |   164 |    99 |       ||   296
Block: Large shield      |       |       |     6 |     2 ||     8
